 Dungeon Crawl Stone Soup version 0.20.1-1-g8b1a95d (webtiles) character file.

15796 Targos the Basher (level 12, -7/93 HPs)
             Began as a Human Fighter on Sept 6, 2017.
             Was a Believer of Fedhas.
             Mangled by a jumping spider (13 damage)
             ... on level 2 of the Spider Nest.
             The game lasted 02:30:47 (14744 turns).

Targos the Basher (Human Fighter)                  Turns: 14744, Time: 02:30:48

Health: -7/93      AC: 20    Str: 18    XL:     12   Next: 62%
Magic:  2/13       EV:  3    Int: 14    God:    Fedhas [**....]
Gold:   281        SH:  0    Dex: 17    Spells: 0/12 levels left

rFire    . . .     SeeInvis .   A - +1 morningstar (distort)
rCold    . . .     Gourm    .   c - +3 shield
rNeg     . . .     Faith    .   X - +0 plate armour
rPois    .         Spirit   .   b - +2 helmet
rElec    .         Reflect  .   s - +0 cloak
rCorr    .         Harm     .   f - +0 pair of gloves
MR       .....                  (no boots)
Stlth    ..........             (no amulet)
Regen    0.3/turn               m - +3 ring of dexterity
MPRegen  0.2/turn               p - +3 ring of intelligence

@: held
A: no striking features
a: Fungal Bloom, Evolution, Sunlight, Renounce Religion


You were on level 2 of the Spider Nest.
You worshipped Fedhas.
Fedhas was pleased with you.
You were not hungry.

You visited 4 branches of the dungeon, and saw 16 of its levels.
You also visited: Bailey.

You collected 1050 gold pieces.
You spent 769 gold pieces at shops.

Inventory:

Hand Weapons
 a - a +2 flail of protection
 u - a +2 flail of crushing
 A - a +1 morningstar of distortion (weapon)
Armour
 b - a +2 helmet (worn)
 c - a +3 shield (worn)
 f - a +0 pair of gloves (worn)
 s - a +0 cloak (worn)
 X - a +0 plate armour (worn)
Jewellery
 m - a +3 ring of dexterity (left hand)
 n - an uncursed ring of ice
 p - a +3 ring of intelligence (right hand)
 G - an uncursed ring of stealth
 H - an uncursed ring of see invisible
 L - an uncursed ring of ice
Wands
 i - a wand of iceblast (0/15)
 j - a wand of confusion (0/48)
 k - a wand of polymorph (9/24)
 q - a wand of random effects (0/48)
 C - a wand of flame (0/48)
 K - a wand of acid (0/15)
 N - a wand of confusion (10/48)
 U - a wand of scattershot (0/9)
 V - a wand of lightning (9/15)
Scrolls
 e - a scroll of fog {unknown}
 g - 2 scrolls of remove curse
 h - 2 scrolls of magic mapping
 w - 2 scrolls of immolation
 y - a scroll of amnesia
 F - a scroll of recharging {unknown}
 M - a scroll of random uselessness {unknown}
 O - a scroll of brand weapon {unknown}
 P - a scroll of blinking {unknown}
Potions
 d - 2 potions of curing
 o - a potion of magic {unknown}
 z - 11 potions of mutation
 B - 2 potions of flight {unknown}
 D - 2 potions of agility {unknown}
 J - 2 potions of brilliance {unknown}
 Q - a potion of degeneration {unknown}
 T - a potion of lignification {unknown}
 W - a potion of cancellation {unknown}
Books
 l - a book of Callings

   Spells                             Type                      Level
   a - Summon Small Mammal            Summoning                    1
   b - Call Imp                       Summoning                    2
   c - Call Canine Familiar           Summoning                    3
   d - Summon Guardian Golem          Hexes/Summoning              3
   e - Summon Lightning Spire         Summoning/Air                4
   f - Summon Ice Beast               Ice/Summoning                4
 E - a book of Minor Magic

   Spells                             Type                      Level
   a - Magic Dart                     Conjuration                  1
   b - Blink                          Translocation                2
   c - Call Imp                       Summoning                    2
   d - Slow                           Hexes                        2
   e - Conjure Flame                  Conjuration/Fire             3
   f - Mephitic Cloud                 Conjuration/Poison/Air       3
Comestibles
 x - 9 bread rations
 I - 4 fruits
 R - 2 royal jellies
 S - 2 meat rations


   Skills:
 + Level 8.3 Fighting
 + Level 12.1 Maces & Flails
 + Level 8.7 Armour
 + Level 3.6 Dodging
 + Level 2.6 Stealth
 + Level 9.5 Shields
 + Level 0.8 Spellcasting
 + Level 1.7 Summonings
 + Level 1.6 Invocations
 + Level 2.5 Evocations


You couldn't memorise any spells.
You knew the following spells:

 Your Spells              Type           Power        Failure   Level  Hunger
a - Summon Small Mammal   Summ           #...         100%        1    ##.....
b - Call Imp              Summ           #.......     100%        2    ###....
c - Call Canine Familiar  Summ           #.......     100%        3    ####...
d - Mephitic Cloud        Conj/Pois/Air  #.......     100%        3    ####...
e - Summon Guardian Gole  Hex/Summ       #.......     100%        3    ####...


Dungeon Overview and Level Annotations

Branches:
Dungeon (11/15)            Temple (0/1) D:6            Lair (2/6) D:11
 Spider (2/4) Lair:2          Orc (1/2) D:10
  Swamp: Lair:2-4    Shoals: Lair:2-4

Altars:
Fedhas
Hepliaklqana
Makhleb
Nemelex Xobeh
Trog
Vehumet
Xom

Shops:
D:7 (   D:11 *

Annotations:
Lair:1 Erica
Orc:1 Urug


Message History

The wolf spider hits you!
* * * LOW HITPOINT WARNING * * *
The wolf spider bites you but does no damage.
The jumping spider pounces on you.
* * * LOW HITPOINT WARNING * * *
You are caught in a web!
The jumping spider bites you but does no damage.
The wolf spider hits you!
* * * LOW HITPOINT WARNING * * *
The wolf spider bites you but does no damage.
Okay, then.
Okay, then.
Evoke which item? (* to show all) (? for menu, Esc to quit)
Aiming: Confuse (will waste charges)
Press: ? - help, Shift-Dir - straight line, f - wolf spider
Aim: a wolf spider (heavily wounded, chance to defeat MR: 52%) Nothing appears to happen.
The jumping spider leaps!
The jumping spider pounces on you!
You die...
Fedhas appreciates your contribution to the ecosystem.

######### #####
##.#.P#..#### ###...^
#...s@s.....####......
####..§§†.......##.......
#.s.............#.....)..
#....§#...........§...###
........#....#....^..#.##
#
...^.#^.............#...##
#
.^....#.........§....#..#
#
.......##§..............#
.. .......
................ ..


You could see a wolf spider and 2 jumping spiders.

Vanquished Creatures
  A ghost moth (Spider:2)
  A death yak (D:7)
  A two-headed ogre (D:9)
  A wolf spider (Spider:1)
  A manticore (D:7)
  A moth of wrath (Spider:2)
  A spiny frog (Lair:2)
  A demonic crawler (Spider:2)
  A komodo dragon (Lair:1)
  2 centaur skeletons
  2 trolls (D:10)
  A hornet (D:10)
  A polar bear (D:7)
  2 jumping spiders (Spider:1)
  A hippogriff (D:7)
  A wandering mushroom (Spider:2)
  3 tarantellas (Spider:2)
  4 redbacks (Spider:1)
  4 hogs
  2 yaks (D:7)
  A human (D:11)
  A hungry ghost (D:10)
  2 porcupines (Lair:2)
  5 orc warriors
  3 black bears
  3 ice beasts
  3 sky beasts
  8 ogres
  6 phantoms
  The ghost of Frank the Ducker, an amateur OpMo (D:3)
  7 centaurs
  3 crocodiles
  A big kobold (D:7)
  8 bullfrogs
  A wyvern zombie (D:8)
  A scorpion (D:9)
  4 killer bees
  A bullfrog zombie (D:5)
  2 crimson imps (D:5)
  Crazy Yiuf (D:4)
  7 hounds
  9 orc priests
  3 jellies
  14 orc wizards
  4 bullfrog skeletons
  3 iguanas
  4 worker ants
  A killer bee zombie (D:7)
  An ogre zombie (D:10)
  3 ogre skeletons (D:10)
  3 hound skeletons
  2 worker ant zombies
  Robin (D:2)
  16 gnolls
  A howler monkey skeleton (D:11)
  6 adders
  4 shadow imps
  2 oozes
  An adder zombie (D:7)
  2 worms
  A dart slug (D:2)
  7 leopard geckos
  47 orcs
  2 ball pythons
  6 bats
  A giant cockroach (D:4)
  15 goblins
  23 hobgoblins
  15 jackals
  2 quokkas (D:2)
  3 frilled lizards
  A goblin skeleton (D:10)
  2 hobgoblin skeletons (D:10)
  A hobgoblin zombie (D:10)
  A jackal skeleton (D:7)
  14 kobolds
  2 leopard gecko skeletons
  A leopard gecko zombie (D:5)
  6 orc skeletons (D:10)
  7 orc zombies (D:10)
  2 rats
340 creatures vanquished.

Vanquished Creatures (collateral kills)
  A two-headed ogre (D:9)
  The ghost of Stelteck the Skirmisher, a novice DrSk of Makhleb (D:7)
  A jumping spider (Spider:1)
  A hippogriff (D:7)
  A hog (D:11)
  A water moccasin (Lair:2)
  An orc warrior (D:7)
  A black bear (D:7)
  A sky beast (D:8)
  A necrophage (D:9)
  An ogre (D:9)
  A crocodile (D:11)
  A wyvern zombie (D:6)
  3 bullfrogs
  A scorpion (D:6)
  A killer bee (D:10)
  A crimson imp (D:9)
  2 jellies
  2 iguanas
  An orc wizard (D:7)
  An ogre zombie (D:10)
  4 gnolls (Bailey)
  A howler monkey zombie (D:8)
  4 orcs
  A hobgoblin (Bailey)
  A kobold (Bailey)
  An orc zombie (D:10)
37 creatures vanquished.

Vanquished Creatures (others)
  A vampire (D:10)
  A sky beast (D:11)
  A phantom (D:10)
  A killer bee (D:10)
  17 wandering mushrooms
  A bush (Lair:2)
  171 toadstools
193 creatures vanquished.

Grand Total: 570 creatures vanquished

Notes
Turn   | Place    | Note
-------+----------+-------------------------------------------
     0 | D:1      | Targos the Human Fighter began the quest for the Orb.
     0 | D:1      | Reached XP level 1. HP: 18/18 MP: 1/1
   462 | D:1      | Reached XP level 2. HP: 23/24 MP: 2/2
   882 | D:2      | Reached XP level 3. HP: 29/29 MP: 3/3
  1227 | D:2      | Reached XP level 4. HP: 32/35 MP: 4/4
  1269 | D:2      | Reached skill level 3 in Maces & Flails
  1494 | D:2      | Noticed Robin
  1539 | D:2      | Killed Robin
  2091 | D:3      | Reached XP level 5. HP: 28/41 MP: 5/5
  2262 | D:3      | Noticed Frank's ghost (amateur OpMo)
  2292 | D:3      | Killed Frank's ghost
  2292 | D:3      | Reached skill level 4 in Maces & Flails
  2292 | D:3      | Reached XP level 6. HP: 39/48 MP: 6/6
  2869 | D:4      | Reached skill level 1 in Dodging
  3120 | D:4      | Found a runed door.
  3124 | D:4      | Noticed Crazy Yiuf
  3133 | D:4      | Killed Crazy Yiuf
  3350 | D:4      | Noticed a phantom
  3416 | D:4      | Killed a phantom
  3416 | D:4      | Reached XP level 7. HP: 17/54 MP: 7/7
  3480 | D:4      | Reached skill level 5 in Maces & Flails
  4045 | D:5      | Entered Level 5 of the Dungeon
  4109 | D:5      | Reached skill level 1 in Evocations
  4306 | D:5      | Reached XP level 8. HP: 60/60 MP: 8/8
  4486 | D:5      | Reached skill level 5 in Armour
  4603 | D:5      | Summonings
  4603 | D:5      | Poison Magic
  4605 | D:5      | Learned a level 1 spell: Summon Small Mammal
  4608 | D:5      | Learned a level 2 spell: Call Imp
  4612 | D:5      | Learned a level 3 spell: Call Canine Familiar
  4715 | D:5      | Reached skill level 6 in Maces & Flails
  4715 | D:5      | Reached skill level 5 in Shields
  4976 | D:5      | Found a blossoming altar of Fedhas.
  4986 | D:5      | Became a worshipper of Fedhas Madash
  5334 | D:6      | Reached XP level 9. HP: 66/66 MP: 9/9
  5374 | D:6      | Reached skill level 7 in Maces & Flails
  5729 | D:6      | Reached * piety under Fedhas
  5861 | D:6      | Found a staircase to the Ecumenical Temple.
  5991 | D:7      | Noticed a polar bear
  5992 | D:7      | Found a huge runed gate.
  5992 | D:7      | Noticed a death yak
  5993 | D:7      | Noticed a manticore
  5993 | D:7      | Found a huge runed gate.
  5993 | D:7      | Found a huge runed gate.
  5993 | D:7      | Found a huge runed gate.
  5993 | D:7      | Noticed a hippogriff
  5994 | D:7      | Noticed a polar bear
  6069 | D:7      | Found Ijigup's Weapon Shoppe.
  6076 | D:7      | Noticed Stelteck's ghost (novice DrSk)
  6089 | D:7      | Reached skill level 5 in Fighting
  6089 | D:7      | Reached skill level 1 in Stealth
  6476 | D:7      | Killed Stelteck's ghost
  6476 | D:7      | Reached skill level 8 in Maces & Flails
  6736 | D:7      | Reached XP level 10. HP: 74/74 MP: 11/11
  6741 | D:7      | Learned a level 3 spell: Mephitic Cloud
  6969 | D:7      | Reached skill level 1 in Summonings
  7233 | D:7      | Killed a manticore
  7233 | D:7      | Reached skill level 9 in Maces & Flails
  7250 | D:7      | Killed a death yak
  7774 | D:8      | Found a burning altar of Makhleb.
  7791 | D:8      | Found a bloodstained altar of Trog.
  7791 | D:8      | Found a sparkling altar of Nemelex Xobeh.
  7792 | D:8      | Found a hazy altar of Hepliaklqana.
  7792 | D:8      | Found a shimmering altar of Xom.
  7857 | D:8      | Found a flagged portal.
  7867 | Bailey   | Entered a bailey
  8104 | Bailey   | Reached ** piety under Fedhas
  8109 | Bailey   | Reached XP level 11. HP: 51/83 MP: 12/12
  8141 | Bailey   | Reached skill level 10 in Maces & Flails
  8434 | D:8      | Found a radiant altar of Vehumet.
  9100 | D:9      | Noticed a two-headed ogre
  9117 | D:9      | Killed a two-headed ogre
  9469 | D:9      | Noticed a two-headed ogre
  9480 | D:9      | Killed a two-headed ogre
  9625 | D:7      | Bought a +0 morningstar of distortion for 180 gold pieces
 10401 | D:10     | Entered Level 10 of the Dungeon
 10744 | D:10     | Reached skill level 11 in Maces & Flails
 11100 | D:10     | Reached skill level 1 in Invocations
 11129 | D:10     | Found a staircase to the Orcish Mines.
 11206 | D:10     | Reached *** piety under Fedhas
 11270 | Orc:1    | Entered Level 1 of the Orcish Mines
 11272 | Orc:1    | Noticed Urug
 12161 | D:11     | Reached XP level 12. HP: 72/92 MP: 11/13
 12203 | D:11     | Found a staircase to the Lair.
 12218 | D:11     | Got a scorched leather armour
 12273 | D:11     | Identified the cursed +1 leather armour "Milavuak" {-Cast *Drain Dex+8} (You found it on level 11 of the Dungeon)
 12310 | D:11     | Found Guijinit's Assorted Antiques.
 12602 | D:11     | Bought a dazzling helmet for 313 gold pieces
 12612 | D:11     | Identified the cursed -2 helmet of Sin {rF+ Int+3} (You bought it in a shop on level 11 of the Dungeon)
 12623 | D:11     | Bought a scroll of enchant weapon for 247 gold pieces
 12623 | D:11     | Bought a white potion for 29 gold pieces
 12650 | Lair:1   | Entered Level 1 of the Lair of Beasts
 13193 | Lair:1   | Noticed Erica
 13425 | Lair:1   | Learned a level 3 spell: Summon Guardian Golem
 13648 | Lair:2   | Identified a scroll of acquirement
 13771 | Lair:2   | Found a hole to the Spider Nest.
 14240 | Spider:1 | Entered Level 1 of the Spider Nest
 14246 | Spider:1 | Noticed a ghost moth
 14333 | Spider:2 | Reached skill level 12 in Maces & Flails
 14638 | Spider:2 | Noticed a ghost moth
 14686 | Spider:2 | Killed a ghost moth
 14744 | Spider:2 | Mangled by a jumping spider

Skill      XL: |  1  2  3  4  5  6  7  8  9 10 11 12 |
---------------+-------------------------------------+-----
Maces & Flails | 3 4 5 6 8 9 11 12 | 12.1
Armour         | 4 5 6 7 8 |  8.7
Dodging        | 1 2 3 |  3.6
Shields        | 4 5 7 8 9 |  9.5
Fighting       | 4 5 6 7 8 |  8.3
Evocations     | 1 2 |  2.5
Stealth        | 1 2 |  2.6
Summonings     | 1 |  1.7
Invocations    | 1 |  1.6
Spellcasting   | |  0.8

Action                   |  1- 3 |  4- 6 |  7- 9 | 10-12 || total
-------------------------+-------+-------+-------+-------++-------
Melee: Flail             |   110 |   265 |   514 |   293 ||  1182
       Morningstar       |       |       |       |   403 ||   403
Invok: Fungal Bloom      |       |       |    12 |    69 ||    81
       Evolution         |       |       |     2 |    17 ||    19
       Sunlight          |       |       |       |    44 ||    44
Evoke: Wand              |       |     1 |    16 |    22 ||    39
  Use: Scroll            |     1 |     7 |     7 |    19 ||    34
       Potion            |       |     5 |     4 |    24 ||    33
 Stab: Confused          |       |     1 |     2 |     9 ||    12
  Eat: Royal jelly       |     1 |     1 |     2 |     5 ||     9
       Chunk             |       |     1 |     2 |     9 ||    12
       Bread ration      |       |     1 |       |       ||     1
       Meat ration       |       |       |     1 |     3 ||     4
       Fruit             |       |       |     1 |       ||     1
Armor: Chain mail        |    56 |   177 |   233 |   285 ||   751
       Scale mail        |     2 |       |       |       ||     2
       Plate armour      |       |       |       |   127 ||   127
Dodge: Dodged            |    13 |    61 |   106 |   179 ||   359
Block: Shield            |    49 |   156 |   256 |   458 ||   919
